 Dungeon Crawl Stone Soup version 0.31.0 (webtiles) character file.

Game seed: 7971343756427050133

445 qw the Shooter (level 7, -3/43 HPs)
             Began as a Gargoyle Hunter on Jan 20, 2024.
             Killed by divine providence
             ... invoked by an orc priest
              (9 damage)
             ... on level 4 of the Dungeon.
             The game lasted 00:00:10 (2400 turns).

qw the Shooter (Gargoyle Hunter)                    Turns: 2400, Time: 00:00:10

Health: -3/43      AC:  7    Str: 14    XL:     7   Next: 3%
Magic:  7/7        EV: 12    Int: 10    God:
Gold:   26         SH:  0    Dex: 15    Spells: 6/6 levels left

rFire   . . .        a - +0 shortbow
rCold   . . .        (shield currently unavailable)
rNeg    + . .        c - +0 leather armour
rPois   inf          (no helmet)
rElec   +            (no cloak)
rCorr   .            (no gloves)
SInv    .            (no boots)
Will    .....        (no amulet)
Stlth   ++           l - +4 ring of slaying {mikee}
HPRegen 0.27/turn    (no ring)
MPRegen 0.10/turn

%: no passive effects
@: about to teleport
A: sickness immunity, AC +4, negative energy resistance 1, electricity
resistance, torment resistance 1, petrification resistance
a: no special abilities


You were on level 4 of the Dungeon.
You visited 1 branch of the dungeon, and saw 4 of its levels.

You collected 143 gold pieces.
You spent 117 gold pieces at shops.


Innate Abilities, Weirdness & Mutations

You are immune to sickness and miasma.
Your stone body is resilient. (AC +4)
You are immune to poison.
You resist negative energy. (rN+)
You are resistant to electric shocks. (rElec)
You are resistant to unholy torment.
You are immune to petrification.


   Skills:
 - Level 4.2 Fighting
 + Level 7.2 Ranged Weapons
 - Level 2.0 Dodging
 - Level 1.1 Stealth


You had 6 spell levels left.
You didn't know any spells.
Your spell library was empty.

Inventory:

Hand Weapons
 a - a +0 shortbow (weapon)
Armour
 c - a +0 leather armour (worn)
 f - a +0 ring mail
Jewellery
 l - a +4 ring of slaying (left hand) {mikee}
Wands
 e - a wand of paralysis (4)
Potions
 b - a potion of cancellation
 d - a potion of mutation
 h - 6 potions of curing
 i - a potion of might {unknown}
 j - a potion of heal wounds {unknown}
 k - a potion of degeneration {unknown}

Dungeon Overview and Level Annotations

Branches:
Dungeon (4/15)
 Temple: D:4-7

Altars:
Yredelemnul

Shops:
D:3 !

Annotations:
D:1 2 transporters
D:3 3 runed translucent doors, qw's ghost, amateur GrHu


Message History

2389 ||| RETREEEEATING.
The phantom attacks as it pursues you! The phantom misses you.
The phantom attacks as it pursues you! The phantom closely misses you.
Enter note:
2390 ||| RETREEEEATING.
2391 ||| RETREEEEATING.
You shoot an arrow. The arrow hits the phantom.
The phantom is lightly damaged.
The phantom misses you.
You shoot an arrow. The arrow closely misses the phantom.
The arrow hits the phantom.
The phantom is almost destroyed.
The phantom hits you.
You shoot an arrow. The arrow hits the phantom!
The phantom is heavily damaged.
The phantom closely misses you.
You shoot an arrow. The arrow hits the phantom!
The phantom is almost destroyed.
The phantom hits you.
The phantom blinks!
You blink.
The phantom hits you.
2396 ||| RETREEEEATING.
The phantom hits you but does no damage.
Enter note:
2397 ||| RETREEEEATING.
You shoot an arrow. The arrow misses the phantom.
The arrow closely misses the phantom.
The arrow hits the orc priest but does no damage.
The orc priest invokes the aid of Beogh against you.
Beogh smites you! The phantom closely misses you.
2399 ||| READING scroll of teleportation.
As you read the scroll of teleportation, it crumbles to dust.
You feel strangely unstable. The phantom barely misses you.
You shoot an arrow. The arrow closely misses the phantom.
The arrow hits the phantom!
You destroy the phantom!
The orc priest casts a cantrip, but nothing happens.
The phantom hits you but does no damage.
The orc priest calls down the wrath of Beogh upon you.
Beogh smites you!
You die...

#.# #.# #. .... #.# #.# #.
.... #.# #.# #. .....
#.###.#####.
.......######...........
.............####.......
......######.# #.......
.W.......)......# #.......
.W......##@###..####.......
#...... #W###.............
#...... #.o##.............
#...... #..##......######.
#..¤¤..##...#......#######
#.P~¤¤.##.#...............
.##.¤~¤¤¤##.##))######....##
.....~~.¤¤..###.).## #....##
....~~~.¤¤¤¤# #.#..# #....##


You could see a phantom and an orc priest.

Vanquished Creatures
  3 phantoms (D:4)
  A water moccasin zombie (D:4)
  An orc priest (D:4)
  A bullfrog skeleton (D:4)
  An iguana (D:4)
  Ijyb (D:3)
  Natasha (D:3)
  3 adders
  An adder zombie (D:4)
  An adder skeleton (D:4)
  A ribbon worm (D:2)
  2 dart slugs (D:3)
  4 orcs (D:4)
  11 ball pythons
  6 endoplasms
  A giant cockroach (D:4)
  4 goblins
  7 hobgoblins
  3 quokkas
  2 ball python zombies (D:3)
  5 bats
  A frilled lizard (D:3)
  4 kobolds
  5 rats
70 creatures vanquished.

Notes
Turn   | Place    | Note
-------+----------+-------------------------------------------
     0 | D:1      | qw the Gargoyle Hunter began the quest for the Orb.
     0 | D:1      | Reached XP level 1. HP: 12/12 MP: 1/1
     0 | D:1      | 0 ||| qw: Version: 0.3-a-132-g3d54051
     0 | D:1      | 0 ||| qw: Game counter: 559
     0 | D:1      | 0 ||| qw: Melee chars always use a shield: true
     0 | D:1      | 0 ||| qw: God list: Okawaru
     0 | D:1      | 0 ||| qw: Allow faded altars: false
     0 | D:1      | 0 ||| qw: Do Orc after clearing Dungeon:15 true
     0 | D:1      | 0 ||| qw: Do second Lair branch before Depths: true
     0 | D:1      | 0 ||| qw: Lair rune preference: random
     0 | D:1      | 0 ||| qw: Goals: Normal
     0 | D:1      | 0 ||| PLANNING D:1-11
   176 | D:1      | Reached XP level 2. HP: 17/17 MP: 2/2
   600 | D:1      | 600 ||| READING scroll labelled UCWEMN UDDESI.
   601 | D:1      | 601 ||| READING scroll labelled MOL CIMEREG.
   602 | D:1      | 602 ||| READING 2 scrolls labelled WOIRCHILERCH.
   607 | D:1      | 607 ||| DROPPING scroll of butterflies.
   686 | D:2      | Reached XP level 3. HP: 19/21 MP: 3/3
   715 | D:2      | Reached skill level 5 in Ranged Weapons
  1055 | D:2      | 1055 ||| DROPPING amulet of magic regeneration.
  1056 | D:2      | 1056 ||| UPGRADING to +4 ring of slaying {mikee}.
  1057 | D:2      | 1057 ||| READING 2 scrolls labelled XEFIVE BIYSM.
  1057 | D:2      | 1057 ||| IDENTIFYING orange potion
  1058 | D:2      | 1058 ||| READING scroll of identify.
  1058 | D:2      | 1058 ||| IDENTIFYING fuming white potion
  1059 | D:2      | 1059 ||| READING scroll labelled ZAERONOPAU.
  1059 | D:2      | 1059 ||| ENCHANTING +0 shortbow.
  1095 | D:3      | Found Kaxt's Distillery.
  1103 | D:3      | 1103 ||| BUYING potion of curing (39 gold).
  1103 | D:3      | Bought a potion of curing for 39 gold pieces
  1103 | D:3      | 1103 ||| BUYING potion of curing (39 gold).
  1103 | D:3      | Bought a potion of curing for 39 gold pieces
  1103 | D:3      | 1103 ||| BUYING potion of curing (39 gold).
  1103 | D:3      | Bought a potion of curing for 39 gold pieces
  1103 | D:3      | 1103 ||| SHOPLISTING potion of heal wounds (65 gold, have
                  | 8).
  1103 | D:3      | 1103 ||| SHOPLISTING potion of might (52 gold, have 8).
  1103 | D:3      | 1103 ||| SHOPLISTING potion of mutation (104 gold, have 8).
  1148 | D:3      | Reached skill level 3 in Fighting
  1155 | D:3      | Reached XP level 4. HP: 28/28 MP: 4/4
  1159 | D:3      | Found a faded altar of an unknown god.
  1335 | D:3      | Found a runed translucent gate.
  1335 | D:3      | Found a runed translucent gate.
  1335 | D:3      | Found a runed translucent gate.
  1335 | D:3      | Noticed qw's ghost (amateur GrHu)
  1337 | D:3      | 1337 ||| READING scroll of identify.
  1337 | D:3      | 1337 ||| IDENTIFYING bubbling coppery potion
  1338 | D:3      | 1338 ||| DROPPING potion of lignification.
  1339 | D:3      | Found a basalt altar of Yredelemnul.
  1360 | D:3      | Noticed Ijyb
  1368 | D:3      | Paralysed by Ijyb for 4 turns
  1377 | D:3      | Killed Ijyb
  1837 | D:3      | Noticed Natasha
  1841 | D:3      | Killed Natasha
  1842 | D:3      | Reached XP level 5. HP: 32/32 MP: 5/5
  1980 | D:3      | 1980 ||| DRINKING 2 purple potions.
  1981 | D:3      | 1981 ||| DROPPING potion of attraction.
  2014 | D:4      | Reached skill level 6 in Ranged Weapons
  2085 | D:4      | 2085 ||| FLEEEEING.
  2151 | D:4      | Noticed a phantom
  2152 | D:4      | Noticed a phantom
  2154 | D:4      | 2154 ||| RETREEEEATING.
  2155 | D:4      | 2155 ||| RETREEEEATING.
  2156 | D:4      | 2156 ||| RETREEEEATING.
  2157 | D:4      | 2157 ||| RETREEEEATING.
  2158 | D:4      | 2158 ||| RETREEEEATING.
  2159 | D:4      | 2159 ||| RETREEEEATING.
  2160 | D:4      | 2160 ||| RETREEEEATING.
  2161 | D:4      | 2161 ||| ZAPPING wand of paralysis (7) at 0,-1 (phantom;
                  | floor).
  2162 | D:4      | 2162 ||| RETREEEEATING.
  2163 | D:4      | 2163 ||| RETREEEEATING.
  2164 | D:4      | 2164 ||| RETREEEEATING.
  2165 | D:4      | 2165 ||| ZAPPING wand of paralysis (6) at 0,-1 (phantom;
                  | floor).
  2165 | D:4      | Noticed a phantom
  2166 | D:4      | 2166 ||| RETREEEEATING.
  2167 | D:4      | Noticed a phantom
  2167 | D:4      | 2167 ||| RETREEEEATING.
  2168 | D:4      | 2168 ||| RETREEEEATING.
  2169 | D:4      | 2169 ||| RETREEEEATING.
  2170 | D:4      | 2170 ||| RETREEEEATING.
  2171 | D:4      | 2171 ||| ZAPPING wand of paralysis (5) at 0,1 (phantom;
                  | floor).
  2175 | D:4      | Killed a phantom
  2176 | D:4      | Reached XP level 6. HP: 22/38 MP: 6/6
  2187 | D:4      | Reached skill level 7 in Ranged Weapons
  2187 | D:4      | 2187 ||| FLEEEEING.
  2213 | D:4      | 2213 ||| FLEEEEING.
  2375 | D:4      | Reached XP level 7. HP: 43/43 MP: 7/7
  2378 | D:4      | 2378 ||| RETREEEEATING.
  2387 | D:4      | 2387 ||| RETREEEEATING.
  2388 | D:4      | 2388 ||| RETREEEEATING.
  2389 | D:4      | 2389 ||| RETREEEEATING.
  2390 | D:4      | 2390 ||| RETREEEEATING.
  2391 | D:4      | 2391 ||| RETREEEEATING.
  2396 | D:4      | 2396 ||| RETREEEEATING.
  2397 | D:4      | 2397 ||| RETREEEEATING.
  2398 | D:4      | HP: 5/43 [orc priest/divine providence (7)]
  2399 | D:4      | 2399 ||| READING scroll of teleportation.
  2400 | D:4      | Killed from afar by an orc priest

Levels and vault maps discovered:
D:1:      spicycebolla_arrival_transporter_tutorial, layout_basic
D:2:      layout_basic
D:3:      layout_loops_corners, nicolae_yredelemnul_ghost_church, serial_shops,
          shop, hellmonk_ecumenical_altar_arch_garden,
          dreamdust_princess_bridge, uniq_natasha, uniq_ijyb
D:4:      layout_basic, mainiacjoe_overflow_small_starburst, serial_undead,
          serial_undead_c, serial_undead_c, serial_undead_d, serial_undead_f

Skill      XL: |  1  2  3  4  5  6 |
---------------+-------------------+-----
Ranged Weapons | 5 6 7 |  7.2
Fighting       | 3 4 |  4.2
Dodging        | 2 |  2.0
Stealth        | |  1.1

Action                     |  1- 3 |  4- 6 |  7- 9 || total
---------------------------+-------+-------+-------++-------
   Fire: Shortbow          |    91 |   102 |    15 ||   208
  Evoke: Wand              |       |     3 |       ||     3
    Use: Scroll            |     6 |     1 |     1 ||     8
         Potion            |       |     1 |       ||     1
 Armour: Leather armour    |    13 |    50 |    12 ||    75
  Dodge: Dodged            |    15 |    35 |     9 ||    59

Table legend:
 A = Non-vault XP
 B = Vault XP
 C = Vault XP percentage of total XP
 D = Non-vault monster count
 E = Vault monster count
 F = Vault count percentage of total count
                 A         B        C        D         E       F
            +---------+---------+-------+---------+---------+-------
      Total |     219 |     522 |  70.4 |      59 |      11 |  15.7
            +---------+---------+-------+---------+---------+-------
        D:1 |      23 |       0 |   0.0 |      15 |       0 |   0.0
        D:2 |      41 |       0 |   0.0 |      14 |       0 |   0.0
        D:3 |      56 |      73 |  56.6 |      19 |       4 |  17.4
        D:4 |      99 |     449 |  81.9 |      11 |       7 |  38.9
            +---------+---------+-------+---------+---------+-------
